3AAA
INDIANAPOLIS RACERS @ HAMILTON COYOTES
05/30/2038
 
TOP OF THE 1ST
Indianapolis Racers batting - Pitching for Hamilton Coyotes : RHP Zebulon Vermillion
Pitching: RHP Zebulon Vermillion
Batting: RHB Alfredo Escalante 0-0: Foul Ball, location: 2F
0-1: Ball
1-1: Fly out, F9 (Line Drive, 9D, EV 93.8 MPH)
Batting: LHB Gong Mao 0-0: Called Strike
0-1: SINGLE (Groundball, 34D, EV 95.6 MPH)
Batting: RHB Spartak Gonjarov 0-0: Ball
1-0: Called Strike
1-1: Ball
2-1: Foul Ball, location: 2F
2-2: Strikes out swinging
Batting: LHB Derek Healey 0-0: Swinging Strike
0-1: Swinging Strike
0-2: Ball
1-2: Foul Ball, location: 2F
1-2: Ground out 4-3 (Groundball, 4MS, EV 90.6 MPH)
Top of the 1st over - 0 runs, 1 hit, 0 errors, 1 left on base; Indianapolis 0 - Hamilton 0
BOTTOM OF THE 1ST
Hamilton Coyotes batting - Pitching for Indianapolis Racers : RHP Jeff Merritt
Pitching: RHP Jeff Merritt
Batting: RHB Elia Amberezzio 0-0: Ball
1-0: Swinging Strike
1-1: Swinging Strike
1-2: Strikes out looking
Batting: RHB Gerald Mills 0-0: Ball
1-0: Foul Ball, location: 2F
1-1: Swinging Strike
1-2: Ground out 5-3 (Groundball, 56, EV 100.0 MPH)
Batting: RHB Seong-ho Chong 0-0: Ball
1-0: Ball
2-0: Called Strike
2-1: Ball
3-1: Base on Balls
Batting: RHB Giddy Potts 0-0: Swinging Strike
0-1: SINGLE (Flyball, 78S, EV 100.0 MPH)
Seong-ho Chong to second
Batting: RHB Daniel Bertrand 0-0: Called Strike
0-1: Swinging Strike
0-2: Ball
1-2: Strikes out swinging
Bottom of the 1st over - 0 runs, 1 hit, 0 errors, 2 left on base; Indianapolis 0 - Hamilton 0
TOP OF THE 2ND
Indianapolis Racers batting - Pitching for Hamilton Coyotes : RHP Zebulon Vermillion
Batting: RHB Roberto Vázquez 0-0: Ball
1-0: SINGLE (Groundball, 6D, EV 95.6 MPH)
Batting: LHB Luis Aranda 0-0: Called Strike
0-1: Ball
1-1: Called Strike
1-2: Ball
2-2: Strikes out looking
Batting: RHB Jeff Fox 0-0: Ball
1-0: Ball
2-0: Foul Ball, location: 2F
2-1: Ball
Roberto Vázquez steals 2nd, throwing error, E2
Roberto Vázquez to third
3-1: Called Strike
3-2: Base on Balls
Batting: RHB Júlio Hernández 0-0: Foul Ball, location: 2F
0-1: Ball
1-1: Foul Ball, location: 2F
1-2: Strikes out looking
Batting: RHB Apu Nahasapeemapetilon 0-0: Fly out, F4 (Popup, 4MS, EV 81.2 MPH)
Top of the 2nd over - 0 runs, 1 hit, 1 error, 2 left on base; Indianapolis 0 - Hamilton 0
BOTTOM OF THE 2ND
Hamilton Coyotes batting - Pitching for Indianapolis Racers : RHP Jeff Merritt
Batting: RHB Alejandro Serrato 0-0: Ball
1-0: Foul Ball, location: 2F
1-1: Ball
2-1: Swinging Strike
2-2: Foul Ball, location: 2F
2-2: Strikes out swinging
Batting: RHB José Bumgarnor 0-0: Ball
1-0: Ball
2-0: Called Strike
2-1: Ground out 6-3 (Groundball, 6, EV 93.1 MPH)
Batting: LHB Kyoji Hakoda 0-0: SINGLE (Groundball, 4MD, EV 95.6 MPH)
Batting: LHB Don McGhee 0-0: Ball
1-0: Swinging Strike
1-1: Swinging Strike
1-2: Ball
2-2: Foul Ball, location: 2F
2-2: Ball
3-2: Foul Ball, location: 2F
3-2: Strikes out swinging
Bottom of the 2nd over - 0 runs, 1 hit, 0 errors, 1 left on base; Indianapolis 0 - Hamilton 0
TOP OF THE 3RD
Indianapolis Racers batting - Pitching for Hamilton Coyotes : RHP Zebulon Vermillion
Batting: RHB Alfredo Escalante 0-0: Ball
1-0: Ground out 6-3 (Groundball, 6, EV 78.8 MPH)
Batting: LHB Gong Mao 0-0: Foul Ball, location: 2F
0-1: Foul Ball, location: 2F
0-2: SINGLE (Line Drive, 7S, EV 96.2 MPH)
Batting: RHB Spartak Gonjarov 0-0: Ball
1-0: Ball
2-0: Ball
3-0: Called Strike
3-1: Base on Balls
Gong Mao to second
Batting: LHB Derek Healey 0-0: Called Strike
0-1: Swinging Strike
0-2: Strikes out swinging
Batting: RHB Roberto Vázquez 0-0: Called Strike
0-1: Ball
1-1: Called Strike
1-2: Ball
2-2: Ball
3-2: Foul Ball, location: 2F
3-2: Fly out, F2 (Popup, 5SF, EV 85.0 MPH)
Top of the 3rd over - 0 runs, 1 hit, 0 errors, 2 left on base; Indianapolis 0 - Hamilton 0
BOTTOM OF THE 3RD
Hamilton Coyotes batting - Pitching for Indianapolis Racers : RHP Jeff Merritt
Batting: RHB Elia Amberezzio 0-0: Fly out, F9 (Line Drive, 9, EV 94.4 MPH)
Batting: RHB Gerald Mills 0-0: Ball
1-0: Foul Ball, location: 2F
1-1: Swinging Strike
1-2: Ball
2-2: Strikes out swinging
Batting: RHB Seong-ho Chong 0-0: Ball
1-0: Called Strike
1-1: Ball
2-1: Ground out 5-3 (Groundball, 56, EV 97.5 MPH)
Bottom of the 3rd over - 0 runs, 0 hits, 0 errors, 0 left on base; Indianapolis 0 - Hamilton 0
TOP OF THE 4TH
Indianapolis Racers batting - Pitching for Hamilton Coyotes : RHP Zebulon Vermillion
Batting: LHB Luis Aranda 0-0: Swinging Strike
0-1: Ball
1-1: Foul Ball, location: 2F
1-2: Foul Ball, location: 2F
1-2: Ball
2-2: Fly out, F9 (Flyball, 9S, EV 88.8 MPH)
Batting: RHB Jeff Fox 0-0: Ball
1-0: Ball
2-0: Ball
3-0: Called Strike
3-1: Base on Balls
Batting: RHB Júlio Hernández 0-0: Ball
1-0: Called Strike
1-1: Swinging Strike
1-2: Hit by Pitch
Jeff Fox to second
Batting: RHB Apu Nahasapeemapetilon 0-0: Fly out, F8 (Flyball, 89D, EV 95.0 MPH)
Runner from 2nd tags up, SAFE at 3rd with throw by CF
Batting: RHB Alfredo Escalante 0-0: Called Strike
0-1: Ground out 5-3 (Groundball, 56S, EV 66.2 MPH)
Top of the 4th over - 0 runs, 0 hits, 0 errors, 2 left on base; Indianapolis 0 - Hamilton 0
BOTTOM OF THE 4TH
Hamilton Coyotes batting - Pitching for Indianapolis Racers : RHP Jeff Merritt
Batting: RHB Giddy Potts 0-0: Called Strike
0-1: Ground out 5-3 (Groundball, 56S, EV 95.0 MPH)
Batting: RHB Daniel Bertrand 0-0: Foul Ball, location: 2F
0-1: Foul Ball, location: 2F
0-2: Strikes out swinging
Batting: RHB Alejandro Serrato 0-0: Called Strike
0-1: Ball
1-1: Fly out, F8 (Flyball, 8RM, EV 86.9 MPH)
Bottom of the 4th over - 0 runs, 0 hits, 0 errors, 0 left on base; Indianapolis 0 - Hamilton 0
TOP OF THE 5TH
Indianapolis Racers batting - Pitching for Hamilton Coyotes : RHP Zebulon Vermillion
Batting: LHB Gong Mao 0-0: Foul Ball, location: 2F
0-1: Swinging Strike
0-2: Strikes out looking
Batting: RHB Spartak Gonjarov 0-0: Ball
1-0: Foul Ball, location: 2F
1-1: SINGLE (Line Drive, 7S, EV 86.2 MPH)
Batting: LHB Derek Healey 0-0: SINGLE (Line Drive, 7LS, EV 107.5 MPH)
Spartak Gonjarov to second
Runner from 2nd tries for 3rd, SAFE, no throw by LF
Pitching: RHP Nick Balleza
Batting: RHB Roberto Vázquez 0-0: Ball
1-0: Grounds into double play, 6-4-3 (Groundball, 6, EV 89.4 MPH)
Top of the 5th over - 0 runs, 2 hits, 0 errors, 1 left on base; Indianapolis 0 - Hamilton 0
BOTTOM OF THE 5TH
Hamilton Coyotes batting - Pitching for Indianapolis Racers : RHP Jeff Merritt
Batting: RHB José Bumgarnor 0-0: Ball
1-0: Ball
2-0: Foul Ball, location: 2F
2-1: Swinging Strike
2-2: Ball
3-2: Fly out, F7 (Line Drive, 7, EV 91.9 MPH)
Batting: LHB Kyoji Hakoda 0-0: Foul Ball, location: 2F
0-1: Foul Ball, location: 2F
0-2: Ball
1-2: Strikes out swinging
Batting: LHB Don McGhee 0-0: Ground out 5-3 (Groundball, 56, EV 77.5 MPH)
Bottom of the 5th over - 0 runs, 0 hits, 0 errors, 0 left on base; Indianapolis 0 - Hamilton 0
TOP OF THE 6TH
Indianapolis Racers batting - Pitching for Hamilton Coyotes : RHP Nick Balleza
Batting: LHB Luis Aranda 0-0: Ball
1-0: Ball
2-0: Called Strike
2-1: Ball
3-1: Base on Balls
Batting: RHB Jeff Fox 0-0: Bunted foul
0-1: Sac Bunt to 2R - play at first, batter OUT! 2-4
Luis Aranda to second
Batting: RHB Júlio Hernández 0-0: Ball
Wild Pitch!
Luis Aranda to third
1-0: Swinging Strike
1-1: Foul Ball, location: 2F
1-2: Strikes out swinging
Batting: RHB Apu Nahasapeemapetilon 0-0: Ball
1-0: Foul Ball, location: 2F
1-1: Foul Ball, location: 2F
1-2: Ground out 1-3 (Groundball, 13, EV 71.2 MPH)
Top of the 6th over - 0 runs, 0 hits, 0 errors, 1 left on base; Indianapolis 0 - Hamilton 0
BOTTOM OF THE 6TH
Hamilton Coyotes batting - Pitching for Indianapolis Racers : RHP Jeff Merritt
Batting: RHB Elia Amberezzio 0-0: Swinging Strike
0-1: Foul Ball, location: 2F
0-2: Ball
1-2: Foul Ball, location: 2F
1-2: Ball
2-2: Ball
3-2: Fly out, F8 (Flyball, 8RM, EV 85.0 MPH)
Batting: RHB Gerald Mills 0-0: Ball
1-0: Foul Ball, location: 2F
1-1: Ball
2-1: Fly out, F4 (Line Drive, 4, EV 66.9 MPH)
Batting: RHB Seong-ho Chong 0-0: Ball
1-0: Foul Ball, location: 2F
1-1: Called Strike
1-2: Strikes out swinging
Bottom of the 6th over - 0 runs, 0 hits, 0 errors, 0 left on base; Indianapolis 0 - Hamilton 0
TOP OF THE 7TH
Indianapolis Racers batting - Pitching for Hamilton Coyotes : RHP Nick Balleza
Batting: RHB Alfredo Escalante 0-0: Called Strike
0-1: Ground out 5-3 (Groundball, 56, EV 81.2 MPH)
Batting: LHB Gong Mao 0-0: Called Strike
0-1: Called Strike
0-2: Foul Ball, location: 2F
0-2: Ball
1-2: Ball
2-2: Ball
3-2: Base on Balls
Batting: RHB Spartak Gonjarov 0-0: Ball
1-0: Ball
2-0: Ball
3-0: Called Strike
3-1: Base on Balls
Gong Mao to second
Batting: LHB Derek Healey 0-0: Ball
1-0: Ball
2-0: Ball
3-0: Base on Balls
Gong Mao to third
Spartak Gonjarov to second
Batting: RHB Roberto Vázquez 0-0: Ball
1-0: Foul Ball, location: 2F
1-1: Ball
2-1: Foul Ball, location: 2F
2-2: SINGLE (Groundball, 4MD, EV 99.4 MPH)
Gong Mao scores
Spartak Gonjarov to third
Derek Healey to second
Runner from 3rd tries for Home, SAFE, no throw by CF
Batting: LHB Luis Aranda 0-0: Ball
1-0: Ball
Wild Pitch!
Derek Healey to third
Roberto Vázquez to second
2-0: Intentional Walk
Batting: RHB Jeff Fox 0-0: SINGLE (Groundball, 6, EV 108.8 MPH) (infield hit)
Derek Healey scores
Roberto Vázquez to third
Luis Aranda to second
Pitching: RHP Francisco Díaz
Batting: RHB Júlio Hernández 0-0: Called Strike
0-1: Foul Ball, location: 2F
0-2: Foul Ball, location: 2F
0-2: Foul Ball, location: 2F
0-2: Ball
1-2: Ball
2-2: Strikes out swinging
Batting: RHB Apu Nahasapeemapetilon 0-0: Called Strike
0-1: Ball
1-1: Called Strike
1-2: Ball
2-2: Strikes out swinging
Top of the 7th over - 3 runs, 2 hits, 0 errors, 3 left on base; Indianapolis 3 - Hamilton 0
BOTTOM OF THE 7TH
Hamilton Coyotes batting - Pitching for Indianapolis Racers : RHP Jeff Merritt
Batting: RHB Giddy Potts 0-0: Foul Ball, location: 2F
0-1: Called Strike
0-2: Fly out, F8 (Flyball, 78D, EV 106.2 MPH)
Batting: RHB Daniel Bertrand 0-0: Ball
1-0: Ball
2-0: Called Strike
2-1: Foul Ball, location: 2F
2-2: Strikes out swinging
Batting: RHB Alejandro Serrato 0-0: Called Strike
0-1: Ball
1-1: Ball
2-1: Ground out 6-3 (Groundball, 6, EV 98.1 MPH)
Bottom of the 7th over - 0 runs, 0 hits, 0 errors, 0 left on base; Indianapolis 3 - Hamilton 0
TOP OF THE 8TH
Indianapolis Racers batting - Pitching for Hamilton Coyotes : RHP Francisco Díaz
Batting: RHB Alfredo Escalante 0-0: Called Strike
0-1: Foul Ball, location: 2F
0-2: Ball
1-2: Fly out, F5 (Line Drive, 5, EV 70.6 MPH)
Batting: LHB Gong Mao 0-0: Ground out 3-1 (Groundball, 34, EV 103.8 MPH)
Batting: RHB Spartak Gonjarov 0-0: Called Strike
0-1: Ball
1-1: Swinging Strike
1-2: Strikes out swinging
Top of the 8th over - 0 runs, 0 hits, 0 errors, 0 left on base; Indianapolis 3 - Hamilton 0
BOTTOM OF THE 8TH
Hamilton Coyotes batting - Pitching for Indianapolis Racers : RHP Jeff Merritt
Batting: RHB José Bumgarnor 0-0: Called Strike
0-1: Ball
1-1: Called Strike
1-2: Ball
2-2: Ball
3-2: Ground out 4-3 (Groundball, 34, EV 87.5 MPH)
Batting: LHB Kyoji Hakoda 0-0: Foul Ball, location: 2F
0-1: Ball
1-1: Fly out, F6 (Popup, 4M, EV 72.5 MPH)
Batting: LHB Don McGhee 0-0: Called Strike
0-1: Reached on error, E5 (Groundball, 5L, EV 80.6 MPH)
Batting: RHB Elia Amberezzio 0-0: Ball
1-0: Ball
2-0: Ball
3-0: Base on Balls
Don McGhee to second
Pitching: RHP Miguel Cervantes
Batting: RHB Gerald Mills 0-0: Ball
1-0: Foul Ball, location: 2F
1-1: Called Strike
1-2: Fielders Choice at 2nd, 6-4 (Groundball, 6, EV 82.5 MPH)
Bottom of the 8th over - 0 runs, 0 hits, 1 error, 2 left on base; Indianapolis 3 - Hamilton 0
TOP OF THE 9TH
Indianapolis Racers batting - Pitching for Hamilton Coyotes : RHP Francisco Díaz
Batting: LHB Derek Healey 0-0: Called Strike
0-1: Foul Ball, location: 2F
0-2: Strikes out swinging
Batting: RHB Roberto Vázquez 0-0: Called Strike
0-1: Ball
1-1: Ball
2-1: Hit by Pitch
Batting: LHB Luis Aranda 0-0: Called Strike
Roberto Vázquez steals 2nd base (no throw)
0-1: Ball
1-1: Intentional Walk
Batting: RHB Jeff Fox 0-0: Foul Ball, location: 2F
0-1: Called Strike
Luis Aranda is caught stealing 2nd base 2-4
Roberto Vázquez steals 3rd base
0-2: Fly out, F8 (Flyball, 78S, EV 90.0 MPH)
Top of the 9th over - 0 runs, 0 hits, 0 errors, 1 left on base; Indianapolis 3 - Hamilton 0
BOTTOM OF THE 9TH
Hamilton Coyotes batting - Pitching for Indianapolis Racers : RHP Miguel Cervantes
Batting: RHB Seong-ho Chong 0-0: Called Strike
0-1: Ball
1-1: Ball
2-1: Ball
3-1: Called Strike
3-2: SINGLE (Groundball, 34D, EV 100.0 MPH)
Batting: RHB Giddy Potts 0-0: Foul Ball, location: 2F
0-1: Ball
1-1: Ball
2-1: Ball
3-1: Called Strike
3-2: Foul Ball, location: 2F
3-2: Fielders Choice at 2nd, 4-6 (Groundball, 4, EV 84.4 MPH)
Batting: RHB Daniel Bertrand 0-0: Ball
1-0: Foul Ball, location: 2F
1-1: Grounds into double play, 6-4-3 (Groundball, 6, EV 108.1 MPH)
Bottom of the 9th over - 0 runs, 1 hit, 0 errors, 0 left on base; Indianapolis 3 - Hamilton 0
Friday, April 17th, 2020 - OOTP Baseball 20.8 Build 74